 Dungeon Crawl Stone Soup version 0.21-a0-417-g0adc95b (webtiles) character file.

2419 KristoblXynda the Blocker (level 9, -4/81 HPs)
             Began as a Deep Dwarf Fighter on Nov 4, 2017.
             Was a Follower of Makhleb.
             Slain by a hell rat (9 damage)
             ... on level 7 of the Dungeon.
             The game lasted 00:16:43 (6637 turns).

KristoblXynda the Blocker (Deep Dwarf Fighter)      Turns: 6637, Time: 00:16:44

Health: -4/81      AC: 13    Str: 23    XL:     9   Next: 24%
Magic:  10/10      EV:  8    Int: 12    God:    Makhleb [*.....]
Gold:   355        SH: 11    Dex: 14    Spells: 8/8 levels left

rFire    . . .     SeeInvis .   m - +4 hand axe
rCold    . . .     Gourm    .   c - +0 shield
rNeg     + . .     Faith    .   b - +1 scale mail
rPois    .         Spirit   .   k - +1 helmet
rElec    .         Reflect  .   h - +1 cloak
rCorr    .         Harm     .   (no gloves)
MR       +....                  (no boots)
Stlth    +.........             (no amulet)
HPRegen  0.00/turn              n - +3 ring of strength
MPRegen  0.12/turn              v - ring of positive energy

@: non-regenerating, drained
A: damage resistance, heal wounds, thin skeletal structure 1, sense surroundings
2, robust 1, no regeneration
a: Heal Wounds, Renounce Religion


You were on level 7 of the Dungeon.
You worshipped Makhleb.
Makhleb was aware of your devotion.
You were not hungry.

You visited 2 branches of the dungeon, and saw 8 of its levels.
You also visited: Sewer.

You collected 355 gold pieces.

Inventory:

Hand Weapons
 m - a +4 hand axe (weapon)
 s - a +0 broad axe
Armour
 b - a +1 scale mail (worn)
 c - a +0 shield (worn)
 h - a +1 cloak (worn)
 k - a +1 helmet (worn)
Jewellery
 g - an uncursed ring of wizardry
 n - a +3 ring of strength (left hand)
 u - an uncursed amulet of magic regeneration
 v - a ring of positive energy (right hand)
Wands
 e - a wand of digging (18/24)
Scrolls
 i - 2 scrolls of magic mapping
 l - 4 scrolls of remove curse
 o - a scroll of identify
 q - 4 scrolls of blinking
 r - 2 scrolls of teleportation
 t - 3 scrolls of fear
Potions
 d - 2 potions of might
 p - a potion of curing
Comestibles
 a - a meat ration
 f - 5 bread rations
 j - 8 chunks of flesh


   Skills:
 - Level 2.6(2.1) Fighting
 + Level 8.2(7.6) Axes
 - Level 7.3(6.7) Armour
 + Level 8.5(7.9) Shields
 + Level 5.0(4.4) Invocations


You had 8 spell levels left.
You didn't know any spells.

Dungeon Overview and Level Annotations

Branches:
Dungeon (7/15)             Temple (1/1) D:5

Altars:
Cheibriados
Dithmenos
Elyvilon
Fedhas
Gozag
Hepliaklqana
Makhleb
Nemelex Xobeh
Qazlal
Ru
Sif Muna
Trog
Uskayaw
Vehumet
Wu Jian
Xom
Yredelemnul
Zin
The Shining One


Innate Abilities, Weirdness & Mutations

You are resistant to damage.
You can heal yourself by infusing magical energy.
You passively map the area around you.
You do not regenerate.
You have a somewhat thin skeletal structure. (Dex +2, Stealth)
You are robust. (+10% HP)


Message History

The hell rat is heavily wounded.
The hell rat bites you!
* * * LOW HITPOINT WARNING * * *
The hell rat barely misses you.
You hit the hell rat but do no damage.
The hell rat is heavily wounded.
The hell rat bites you!
* * * LOW HITPOINT WARNING * * *
You hit the hell rat.
The hell rat is heavily wounded.
The hell rat bites you.
* * * LOW HITPOINT WARNING * * *
2 rats come into view.
You hit the hell rat but do no damage.
The hell rat is heavily wounded.
You hit the rat.
You kill the rat!
Makhleb accepts your kill.
You feel better. The hell rat bites you!
You die...

## ##.#
.####.#### ,
.#..##..# *
#.#†##.# *
#.#†#.# , * *
#.†rr# ** , ,
#.#.rr## * *,*
**
***#.##..#r###,
,,,* ,
#.#r##r#@.# * ,
r*#. #####.# *
* *, .


rr# # * ,,.. .r ,, , *, ... * ,, * , ..( ,, *#### * ** *** You could see 2 hell
rats, a river rat and 2 rats.

Vanquished Creatures
  A hippogriff (D:7)
  Sigmund (D:2)
  An orc warrior (D:7)
  A phantom (D:5)
  2 ogres
  A centaur (D:7)
  2 bullfrogs (D:6)
  3 scorpions
  5 wights (D:6)
  4 howler monkeys
  A bullfrog zombie (D:6)
  A quasit (D:6)
  An orc priest (D:6)
  4 hounds
  7 orc wizards
  Natasha (twice) (D:2)
  6 worker ants
  3 hound zombies
  7 gnolls
  9 adders
  7 river rats
  An ooze (D:4)
  3 adder zombies
  2 adder skeletons
  2 worms
  2 dart slugs (D:1)
  3 leopard geckos
  23 orcs
  7 ball pythons
  6 giant cockroaches
  9 goblins
  8 hobgoblins
  5 quokkas
  7 bats
  11 frilled lizards
  4 kobolds
  A quokka skeleton (D:4)
  18 rats
181 creatures vanquished.

Notes
Turn   | Place    | Note
-------+----------+-------------------------------------------
     0 | D:1      | KristoblXynda the Deep Dwarf Fighter began the quest for the Orb.
     0 | D:1      | Reached XP level 1. HP: 20/20 MP: 1/1
     2 | D:1      | Noticed an octopode
     4 | D:1      | Noticed a felid
     4 | D:1      | Noticed a centaur
     6 | D:1      | Noticed a draconian
     6 | D:1      | Noticed an ogre
     8 | D:1      | Noticed a halfling
     8 | D:1      | Noticed a spriggan
    10 | D:1      | Noticed a human
    10 | D:1      | Noticed a ghoul
    12 | D:1      | Noticed a troll
    31 | D:1      | Noticed a merfolk
    31 | D:1      | Noticed a gargoyle
    33 | D:1      | Noticed an elf
    35 | D:1      | Noticed a vine stalker
    35 | D:1      | Noticed a minotaur
    37 | D:1      | Noticed a naga
    39 | D:1      | Noticed a dwarf
    39 | D:1      | Noticed a tengu
    41 | D:1      | Noticed a demonspawn
    41 | D:1      | Noticed a vampire
    43 | D:1      | Noticed a demigod
    43 | D:1      | Noticed a formicid
   128 | D:1      | Reached XP level 2. HP: 25/27 MP: 2/2
   550 | D:2      | Reached XP level 3. HP: 28/33 MP: 3/3
   579 | D:2      | Noticed Sigmund
   874 | D:2      | Found a glowing silver altar of Zin.
   881 | D:2      | Found a radiant altar of Vehumet.
   980 | D:2      | Killed Sigmund
   980 | D:2      | Reached XP level 4. HP: 19/40 MP: 4/4
   980 | D:2      | Reached XP level 5. HP: 22/46 MP: 5/5
  1398 | D:2      | Noticed Natasha
  1420 | D:2      | Killed Natasha
  1420 | D:2      | Reached skill level 5 in Armour
  1420 | D:2      | Reached skill level 5 in Shields
  1425 | D:2      | Reached XP level 6. HP: 19/55 MP: 6/6
  1436 | D:2      | Noticed Natasha
  1453 | D:2      | Killed Natasha
  1456 | D:2      | Gained mutation: You occasionally shout uncontrollably at your foes. [potion of mutation]
  1456 | D:2      | Gained mutation: You passively map the area around you. [potion of mutation]
  1602 | D:2      | Lost mutation: You passively map the area around you. [potion of mutation]
  1602 | D:2      | Lost mutation: You occasionally shout uncontrollably at your foes. [potion of mutation]
  1602 | D:2      | Gained mutation: You have a somewhat thin skeletal structure. (Dex +2, Stealth) [potion of mutation]
  1602 | D:2      | Gained mutation: You evolve. [potion of mutation]
  1602 | D:2      | Gained mutation: You are robust. (+10% HP) [potion of mutation]
  2070 | D:3      | Found a glowing drain.
  2092 | Sewer    | Entered a sewer
  2984 | D:3      | Reached skill level 5 in Axes
  3185 | D:4      | Reached XP level 7. HP: 20/67 MP: 6/6
  3470 | D:4      | Found a faded altar of an unknown god.
  3470 | D:4      | Found a glowing golden altar of the Shining One.
  3476 | D:4      | Found a white marble altar of Elyvilon.
  3478 | D:4      | Found a faded altar of an unknown god.
  3479 | D:4      | Found a deep blue altar of Sif Muna.
  3940 | D:4      | Lost mutation: You evolve. [evolution]
  4142 | D:5      | Entered Level 5 of the Dungeon
  4385 | D:5      | Reached XP level 8. HP: 15/74 MP: 7/7
  4575 | D:5      | Found a staircase to the Ecumenical Temple.
  4582 | Temple   | Entered the Ecumenical Temple
  4815 | Temple   | Became a worshipper of Makhleb the Destroyer
  5208 | D:6      | HP: 4/111 [ogre/giant spiked club (6)]
  5499 | D:6      | Reached skill level 1 in Invocations
  6381 | D:7      | HP: 3/74 [ogre/giant club (4)]
  6383 | D:7      | Gained mutation: You passively map the area around you. [Deep Dwarf growth]
  6383 | D:7      | Reached XP level 9. HP: 26/81 MP: 9/9
  6582 | D:7      | Reached * piety under Makhleb
  6615 | D:7      | Reached skill level 5 in Invocations
  6636 | D:7      | HP: 4/81 [hell rat (5)]
  6637 | D:7      | Slain by a hell rat

Vault maps used:
D:1:      kb_arrival_jail
D:2:      amethyst_overflow_temple_binary, uniq_sigmund, uniq_natasha
D:3:      portal_sewer_entry_d, serial_glass, glass_columns_a, glass_columns_c,
          glass_columns_b, glass_columns_c
D:4:      chequers_temple_overflow_minitemple, first_bread
D:5:      minmay_temple_entry_fiery
D:7:      lemuel_ratsnest, st_stairs_4
Temple:   minmay_temple_curvy_branch
Sewer:    sewer_co_cracked_pipes

Skill      XL: |  1  2  3  4  5  6  7  8  9 |
---------------+----------------------------+-----
Axes           | 4 5 6 7 8 |  8.2
Shields        | 4 5 6 8 |  8.5
Armour         | 4 5 6 7 |  7.3
Invocations    | 3 5 |  5.0
Fighting       | |  2.6

Action                   |  1- 3 |  4- 6 |  7- 9 || total
-------------------------+-------+-------+-------++-------
Melee: War axe           |   106 |   228 |    62 ||   396
       Hand axe          |       |       |   373 ||   373
 Abil: Heal Wounds       |       |     3 |     6 ||     9
  Use: Scroll            |     5 |    12 |     4 ||    21
       Potion            |     1 |     3 |     7 ||    11
 Stab: Sleeping          |       |       |     1 ||     1
  Eat: Fruit             |       |     2 |     7 ||     9
       Chunk             |       |     6 |     2 ||     8
       Royal jelly       |       |       |     2 ||     2
Armor: Ring mail         |    25 |       |       ||    25
       Scale mail        |    18 |    99 |   159 ||   276
       Skin              |       |       |     5 ||     5
Dodge: Dodged            |    36 |    57 |   120 ||   213
Block: Shield            |    61 |   129 |   224 ||   414

Table legend:
 A = Spawn XP
 B = Non-spawn XP
 C = Spawn XP percentage of total XP
 D = Spawn monster count
 E = Non-spawn monster count
 F = Spawn count percentage of total count
 G = Total turns spent on level
                    A         B        C        D         E        F      G
               +---------+---------+-------+---------+---------+-------+---------
         Total |       0 |    3456 |   0.0 |       0 |     181 |   0.0 |  6637
               +---------+---------+-------+---------+---------+-------+---------
           D:1 |       0 |      36 |   0.0 |       0 |      19 |   0.0 |   569
           D:2 |       0 |     391 |   0.0 |       0 |      24 |   0.0 |  1327
           D:3 |       0 |     142 |   0.0 |       0 |      26 |   0.0 |   763
           D:4 |       0 |     495 |   0.0 |       0 |      28 |   0.0 |  1155
           D:5 |       0 |     619 |   0.0 |       0 |      23 |   0.0 |   542
           D:6 |       0 |     846 |   0.0 |       0 |      20 |   0.0 |  1159
           D:7 |       0 |     833 |   0.0 |       0 |      19 |   0.0 |   379
         Sewer |       0 |      94 |   0.0 |       0 |      22 |   0.0 |   498
               +---------+---------+-------+---------+---------+-------+---------
